 Dungeon Crawl Stone Soup version 0.29.1-13-g9f3cf754e1 (webtiles) character file.

Game seed: 18384767555614607442

323 Ee the Chiller (level 6, -1/41 HPs)
             Began as a Demonspawn Ice Elementalist on Feb 9, 2023.
             Was a Plaything of Xom.
             Killed from afar by Dowan (7 damage)
             ... with a puff of flame
             ... on level 5 of the Dungeon.
             The game lasted 00:29:15 (3527 turns).

Ee the Chiller (Demonspawn Ice Elementalist)        Turns: 3527, Time: 00:29:18

Health: -1/41      AC:  5    Str:  8    XL:     6   Next: 23%
Magic:  3/9        EV: 12    Int: 19    God:    Xom [.*....]
Gold:   273        SH:  0    Dex: 13    Spells: 7/11 levels left

rFire   . . .      SeeInvis .   (no weapon)
rCold   . . .      Faith    .   (no shield)
rNeg    + . .      Spirit   .   a - +0 robe
rPois   +          Reflect  .   (no helmet)
rElec   .          Harm     .   (no cloak)
rCorr   .          Rampage  .   (no gloves)
Will    .....                   c - +0 pair of boots
Stlth   ++........              (no amulet)
HPRegen 0.13/turn               b - ring of poison resistance
MPRegen 0.11/turn               u - ring of positive energy

@: freezing walls
A: claws 1, yellow scales 1, frail 1, low MP 1
a: Renounce Religion


You were on level 5 of the Dungeon.
You worshipped Xom.
You were a plaything of Xom.
You visited 1 branch of the dungeon, and saw 5 of its levels.

You collected 273 gold pieces.

Inventory:

Hand Weapons
 v - a +0 quarterstaff
Armour
 a - a +0 robe (worn)
 c - a +0 pair of boots (worn)
 w - a +0 helmet
Jewellery
 b - a ring of poison resistance (left claw)
 j - a ring of flight
 u - a ring of positive energy (right claw)
Scrolls
 f - a scroll of butterflies {unknown}
 g - 4 scrolls of immolation {unknown}
 h - 5 scrolls of blinking {unknown}
 i - a scroll of poison {unknown}
 l - 2 scrolls of enchant armour {unknown}
 m - 3 scrolls of identify {unknown}
 p - 2 scrolls of amnesia {unknown}
 q - 2 scrolls of teleportation {unknown}
 t - a scroll of magic mapping {unknown}
 y - a scroll of enchant weapon {unknown}
 A - a scroll of torment {unknown}
Potions
 d - a potion of resistance {unknown}
 e - a potion of heal wounds {unknown}
 k - a potion of ambrosia {unknown}
 n - 3 potions of curing {unknown}
 o - a potion of magic
 r - 2 potions of flight {unknown}
 s - a potion of brilliance {unknown}
 x - 2 potions of mutation {unknown}
 z - a potion of lignification {unknown}


   Skills:
 + Level 2.4 Fighting
 - Level 1.7 Dodging
 + Level 3.2 Stealth
 + Level 3.2 Spellcasting
 * Level 5.2 Ice Magic


You had 7 spell levels left.
You knew the following spells:

 Your Spells              Type           Power      Damage    Failure   Level
a - Freeze                Ice            92%        1d10      1%          1
b - Frozen Ramparts       Ice            46%        1d7       5%          3

Your spell library contained the following spells:

 Spells                   Type           Power      Damage    Failure   Level
 Ozocubu's Armour         Ice            23%        N/A       5%          3
 Magic Dart               Conj           12%        1d3       16%         1
 Call Imp                 Summ           3%         N/A       22%         2
 Poisonous Vapours        Pois/Air       6%         N/A       22%         2
 Mephitic Cloud           Conj/Pois/Air  3%         N/A       41%         3
 Hailstorm                Conj/Ice       13%        3d5       45%         4
 Corpse Rot               Necr/Pois/Air  3%         N/A       83%         4


Dungeon Overview and Level Annotations

Branches:
Dungeon (5/15)
 Temple: D:4-7

Altars:
Fedhas
Trog
Xom

Shops:
D:3 [

Annotations:
D:5 Dowan, Duvessa


Innate Abilities, Weirdness & Mutations

You have sharp fingernails.
You are partially covered in yellow scales. (AC +2)
You are frail. (-10% HP)
Your magical capacity is low. (-10% MP)


Message History

Casting: Frozen Ramparts (dangerous; 5% risk of failure)
Press: ? - help, Dir - look around, f - activate The walls around you are covered in ice.
The wall freezes Duvessa.
Duvessa hits you with a +0 short sword!
Dowan says, "Stay away from my face!"
Casting: Frozen Ramparts (dangerous; 5% risk of failure)
Confirm with . or Enter, or press ? or * to list all spells.
Aiming: Freeze (safe; 1% risk of failure)
Press: ? - help, Shift-Dir - straight line, f - Duvessa
Aim: Duvessa, wielding a +0 short sword and wearing a +0 ring mail (lightly wounded, fast)
You freeze Duvessa.
Duvessa is moderately wounded.
The wall freezes Duvessa but does no damage.
Duvessa hits you with a +0 short sword!
The wall freezes Duvessa.
Duvessa hits you with a +0 short sword!
* * * LOW HITPOINT WARNING * * *
Casting: Freeze (safe; 1% risk of failure)
Confirm with . or Enter, or press ? or * to list all spells.
Aiming: Freeze (safe; 1% risk of failure)
Press: ? - help, Shift-Dir - straight line, f/p - Duvessa
Aim: Duvessa, wielding a +0 short sword and wearing a +0 ring mail (moderately wounded, fast)
You freeze Duvessa.
Duvessa is moderately wounded.
The wall freezes Duvessa.
Dowan completely resists.
The wall freezes Dowan but does no damage.
Casting: Freeze (safe; 1% risk of failure)
Confirm with . or Enter, or press ? or * to list all spells.
Aiming: Freeze (safe; 1% risk of failure)
Press: ? - help, Shift-Dir - straight line, f/p - Duvessa
Aim: Duvessa, wielding a +0 short sword and wearing a +0 ring mail (heavily wounded, fast)
You freeze Duvessa!
Duvessa is severely wounded.
The wall freezes Duvessa.
Duvessa hits you with a +0 short sword.
* * * LOW HITPOINT WARNING * * *
The wall freezes Duvessa but does no damage.
Duvessa barely misses you.
Dowan resists.
The wall freezes Dowan.
Dowan gestures at you while chanting. The puff of flame hits you!
You die...
Xom is highly amused!

...#...##..# #†# #..... ##...
.....#....####.# #..... #..e.
....##.....##..###..... #####....
###.....##..#..........##.......#
# #....####.......#####...###...#
##...## ##.....## ###..## #..##
##....# ##....#####.....###..#
#.....# #..#.###.....##..###.##
####..# #.#...@e.###.###..#...#
##.# ##.##.e### #.......#### ##
## #### #########


You could see Duvessa (fast) and Dowan.

Vanquished Creatures
  An iguana (D:5)
  2 orc wizards (D:4)
  7 gnolls (D:2)
  7 adders
  A worm (D:2)
  A dart slug (D:2)
  16 orcs
  7 ball pythons
  9 bats
  8 endoplasms
  2 giant cockroaches
  7 goblins
  2 hobgoblins
  4 jackals (D:3)
  5 quokkas
  3 frilled lizards
  10 kobolds
  6 rats
98 creatures vanquished.

Vanquished Creatures (others)
  11 plants (D:4)
11 creatures vanquished.

Grand Total: 109 creatures vanquished

Notes
Turn   | Place    | Note
-------+----------+-------------------------------------------
     0 | D:1      | Ee the Demonspawn Ice Elementalist began the quest for the
                  | Orb.
     0 | D:1      | Reached XP level 1. HP: 13/13 MP: 3/3
   135 | D:1      | Gained mutation: You have sharp fingernails. [demonic
                  | ancestry]
   135 | D:1      | Reached XP level 2. HP: 20/20 MP: 0/5
   482 | D:1      | Reached skill level 4 in Ice Magic
   483 | D:1      | Reached skill level 1 in Fighting
   620 | D:1      | Found a faded altar of an unknown god.
   624 | D:1      | Prayed at the altar of an unknown god.
   624 | D:1      | Became a worshipper of Xom of Chaos
   655 | D:1      | Reached XP level 3. HP: 26/26 MP: 3/6
   672 | D:1      | Learned a level 3 spell: Frozen Ramparts
  1006 | D:2      | XOM: silly message
  1327 | D:2      | XOM: god gift: 20 gold pieces
  1570 | D:2      | Reached XP level 4. HP: 32/32 MP: 0/7
  1608 | D:2      | XOM: divination: detect creatures
  1625 | D:2      | XOM: 2-stop teleportation journey
  1778 | D:2      | XOM: give mutations
  1778 | D:2      | Gained mutation: You are frail. (-10% HP) [Xom's mischief]
  1792 | D:2      | Found a bloodstained altar of Trog.
  1900 | D:3      | XOM: stealth player
  1904 | D:3      | XOM: noise
  1910 | D:3      | Gained mutation: You are partially covered in yellow
                  | scales. (AC +2) [demonic ancestry]
  1910 | D:3      | Reached XP level 5. HP: 29/34 MP: 5/9
  2147 | D:3      | Found Todylat's Armour Boutique.
  2433 | D:4      | XOM is BORED!
  2433 | D:4      | XOM: stat loss: -1 Dex (12/13)
  2454 | D:4      | XOM: give mutation
  2454 | D:4      | Gained mutation: Your magical capacity is low. (-10% MP)
                  | [Xom's mischief]
  2623 | D:4      | XOM: repel stairs
  2625 | D:4      | Reached skill level 5 in Ice Magic
  2688 | D:4      | HP: 1/34 [orc/+0 club (4)]
  3056 | D:4      | Reached XP level 6. HP: 39/39 MP: 5/9
  3145 | D:4      | Found a blossoming altar of Fedhas.
  3275 | D:5      | Entered Level 5 of the Dungeon
  3502 | D:5      | Noticed Duvessa
  3517 | D:5      | XOM: divination: detect items
  3517 | D:5      | Noticed Dowan
  3527 | D:5      | Killed from afar by Dowan

Illustrated notes

Levels and vault maps discovered:
D:1:      wander_arrival_peaceful_grave, layout_basic,
          hellmonk_ecumenical_altar_leap_of_faith, reono_crystal_passage,
          hangedman_decor_points, minmay_misc_feat_plants
D:2:      layout_basic, basic_altar
D:3:      layout_basic, serial_shops, shop_fountains
D:4:      layout_basic, fedhas_altar_decomposition, st_stairs_12
D:5:      layout_layer_cave, uniq_duvessa

Skill      XL: |  1  2  3  4  5 |
---------------+----------------+-----
Stealth        | 2 3 |  3.2
Ice Magic      | 4 5 |  5.2
Fighting       | 1 2 |  2.4
Spellcasting   | 3 |  3.2
Dodging        | |  1.7

Action                   |  1- 3 |  4- 6 || total
-------------------------+-------+-------++-------
Melee: Unarmed           |     6 |     1 ||     7
 Cast: Freeze            |    59 |    44 ||   103
       Frozen Ramparts   |     3 |    13 ||    16
Armor: Robe              |    10 |    21 ||    31
Dodge: Dodged            |    43 |    36 ||    79
